 Dungeon Crawl Stone Soup version 0.31-a0-217-g58bb5d79cf (webtiles) character file.

Game seed: 12911431575826258885

13708 qw the Cleaver (level 12, -2/77 HPs)
             Began as a Gargoyle Fighter on July 2, 2023.
             Was an Elder of Okawaru.
             Slain by a naga
             ... wielding a +0 glaive
              (11 damage)
             ... on level 2 of the Lair of Beasts.
             The game lasted 00:05:08 (9812 turns).

qw the Cleaver (Gargoyle Fighter)                   Turns: 9812, Time: 00:05:09

Health: -2/77      AC: 32    Str: 24    XL:     12   Next: 8%
Magic:  14/15      EV:  9    Int: 10    God:    Okawaru [****..]
Gold:   229        SH:  6    Dex:  9    Spells: 11/11 levels left

rFire   . . .        Y - +3 war axe (heavy)
rCold   . . .        c - +0 buckler
rNeg    + . .        b - +0 plate armour
rPois   inf          j - +0 helmet
rElec   +            s - +0 cloak
rCorr   .            p - +0 pair of gloves
SInv    .            k - +0 pair of boots
Will    .....        r - amulet of the acrobat Stlth
                     (no ring)
HPRegen 1.12/turn    (no ring)
MPRegen 0.14/turn

%: acrobat
@: about to teleport, heroic, marked
A: sickness immunity, AC +8, negative energy resistance 1, electricity
resistance, torment resistance 1, petrification resistance, regeneration 1,
subdued magic 1
a: Renounce Religion, Heroism, Finesse


You were on level 2 of the Lair of Beasts.
You worshipped Okawaru.
Okawaru was greatly pleased with you.
You visited 3 branches of the dungeon, and saw 12 of its levels.
You also visited: Sewer.

You collected 519 gold pieces.
You spent 290 gold pieces at shops.


Innate Abilities, Weirdness & Mutations

You are immune to sickness and miasma.
Your stone body is resilient. (AC +8)
You are immune to poison.
You resist negative energy. (rN+)
You are resistant to electric shocks. (rElec)
You are resistant to unholy torment.
You are immune to petrification.
Your natural rate of healing is unusually fast.
Your spells are a little easier to cast, but a little less powerful.


   Skills:
 - Level 10.0(15.0) Fighting
 + Level 12.0(17.0) Axes
 - Level 2.1(7.1) Throwing
 - Level 10.0(15.0) Armour
 - Level 2.2(7.2) Dodging
 - Level 6.0(11.0) Shields
 + Level 4.5 Invocations


You had 11 spell levels left.
You didn't know any spells.
Your spell library was empty.

Inventory:

Hand Weapons
 n - a +1 morningstar of freezing
 Y - a +3 heavy war axe (weapon)
Missiles
 i - 8 boomerangs (quivered)
Armour
 b - a +0 plate armour (worn)
 c - a +0 buckler (worn)
 j - a +0 helmet (worn)
 k - a +0 pair of boots (worn)
 p - a +0 pair of gloves (worn)
 s - a +0 cloak (worn)
 v - a +1 pair of boots of rampaging
Jewellery
 r - an amulet of the acrobat (around neck)
Scrolls
 a - 6 scrolls of identify
 u - 2 scrolls of teleportation
Potions
 d - 3 potions of might
 e - 2 potions of magic
 f - 2 potions of enlightenment
 g - a potion of mutation
 h - 2 potions of attraction
 l - 3 potions of haste
 m - 6 potions of curing
 o - a potion of heal wounds
 q - 2 potions of lignification {unknown}
 t - a potion of invisibility {unknown}

Dungeon Overview and Level Annotations

Branches:
Dungeon (9/15)             Temple (1/1) D:6            Lair (2/5) D:9
    Orc (0/2) D:9           Sewer (visited)
  Swamp: Lair:2-3    Shoals: Lair:2-3     Snake: Lair:2-3    Spider: Lair:2-3

Altars:
Ashenzari
Cheibriados
Dithmenos
Elyvilon
Fedhas
Gozag
Hepliaklqana
Kikubaaqudgha
Makhleb
Nemelex Xobeh
Okawaru
Qazlal
Ru
Sif Muna
Trog
Uskayaw
Vehumet
Wu Jian
Xom
Yredelemnul
Zin
The Shining One

Shops:
D:2 *=   D:6 !   D:9 :


Message History

A naga comes into view. It is wielding a +0 glaive.
The boulder beetle leaps!
You closely miss the naga.
The naga hits you from afar with a +0 glaive.
You slice the naga!!
The naga is severely wounded.
You closely miss the naga. The naga closely misses you.
The naga hits you but does no damage. The naga grabs you.
The naga constricts you.
You slice the naga!!
You kill the naga!
Okawaru accepts your kill.
You completely miss the naga. The naga closely misses you.
You block the naga's attack.
The naga hits you from afar with a +0 glaive!
You slice the naga!!
You kill the naga!
Okawaru accepts your kill. The naga hits you but does no damage.
You block the naga's attack.
The komodo dragon completely misses you.
The boulder beetle curls into a ball and begins rolling!
You barely miss the komodo dragon. You block the komodo dragon's attack.
The naga spits poison at you. The splash of poison misses you.
The naga hits you from afar with a +0 glaive!
You barely miss the komodo dragon. The komodo dragon bites you!
The naga hits you but does no damage.
The naga hits you from afar with a +0 glaive!
9811 ||| READING 3 scrolls of teleportation.
As you read the scroll of teleportation, it crumbles to dust.
You feel strangely unstable. You block the komodo dragon's attack.
The naga hits you but does no damage. x2
9812 ||| DRINKING 2 potions of heal wounds.
You feel much better.
The komodo dragon bites you but does no damage.
The boulder beetle hits you!!
The boulder beetle stops rolling and uncurls.
The naga hits you from afar with a +0 glaive!
You die...

......#....##<......#
...........##.......#
......#.....#P.#####. .
#P.#..P.....##...#####..
.....................?..
................0.......
................0.......
............>...B%......
..............N.@l......
.....>..[.....N####.####
##P...#.......## ~P
.............## P .~.
......P.......# .7 .~
..............#.P7 ~
......#...........
.............##PP7 P~
.###.#.......# .. .77~7


You could see a boulder beetle, a komodo dragon and 2 nagas.

Vanquished Creatures
  A hydra (Lair:2)
  A catoblepas (Lair:2)
  A skyshark (Lair:2)
  3 black mambas
  A rime drake (Lair:1)
  A cane toad (Lair:1)
  5 komodo dragons
  A polar bear (Lair:1)
  5 blink frogs (Lair:2)
  Sigmund (D:6)
  10 yaks
  2 wyverns
  3 steam dragons
  2 nagas (Lair:2)
  A warg (D:9)
  12 water moccasins
  2 sky beasts
  2 orc warriors
  A black bear (D:4)
  2 ice beasts
  14 wolves
  An ogre (D:5)
  A centaur (D:8)
  A phantom (D:4)
  Blork the orc (D:4)
  2 kobold brigands
  2 scorpions
  7 bullfrogs
  7 wights (D:9)
  5 killer bees
  2 jellies (D:3)
  3 hounds
  2 iguanas
  6 orc priests
  A sleepcap (D:7)
  Natasha (D:2)
  4 orc wizards
  5 gnolls
  9 adders
  2 white imps
  2 ufetubi
  2 worms
  A dart slug (D:2)
  23 orcs
  8 bats
  10 endoplasms
  11 giant cockroaches
  15 goblins
  6 hobgoblins
  7 jackals (D:2)
  7 quokkas
  11 ball pythons
  8 frilled lizards
  21 kobolds
  7 rats
272 creatures vanquished.

Notes
Turn   | Place    | Note
-------+----------+-------------------------------------------
     0 | D:1      | qw the Gargoyle Fighter began the quest for the Orb.
     0 | D:1      | Reached XP level 1. HP: 14/14 MP: 1/1
     0 | D:1      | 0 ||| qw: Version: 0.3-a-40-ge99b1a8
     0 | D:1      | 0 ||| qw: Game counter: 103
     0 | D:1      | 0 ||| qw: Melee chars always use a shield: true
     0 | D:1      | 0 ||| qw: God list: Okawaru
     0 | D:1      | 0 ||| qw: Allow faded altars: false
     0 | D:1      | 0 ||| qw: Do Orc after clearing Dungeon:15 true
     0 | D:1      | 0 ||| qw: Do second Lair branch before Depths: true
     0 | D:1      | 0 ||| qw: Lair rune preference: random
     0 | D:1      | 0 ||| qw: Goals: Normal, Zot:1-4, Slime:5, God:TSO, Crypt,
                  | Tomb, Abyss, Pan, Hells, Win
     0 | D:1      | 0 ||| PLANNING D:1-11
    53 | D:1      | Reached skill level 2 in Axes
   148 | D:1      | Reached XP level 2. HP: 19/19 MP: 2/2
   175 | D:1      | 175 ||| Stepping ~*~*~tactically~*~*~ (hiding).
   660 | D:1      | Reached skill level 3 in Axes
   678 | D:1      | Reached XP level 3. HP: 23/23 MP: 3/3
   778 | D:1      | 778 ||| UPGRADING to +0 pair of boots.
   783 | D:1      | 783 ||| READING scroll labelled WUL ENULYEZEPN.
   784 | D:1      | 784 ||| READING scroll labelled MESKOPL FATEPH.
   785 | D:1      | 785 ||| READING scroll labelled TAAD XAXKE.
   846 | D:2      | Found Husa's General Store.
   856 | D:2      | Found Aceyffiy's Jewellery Shop.
   888 | D:2      | 888 ||| SHOPLISTING +6 ring of strength (468 gold, have
                  | 111).
   888 | D:2      | 888 ||| SHOPLISTING ring "Reocro" {rPois rF+ rC++ Will+}
                  | (789 gold, have 111).
   888 | D:2      | 888 ||| SHOPLISTING ring of fire (325 gold, have 111).
   888 | D:2      | 888 ||| SHOPLISTING ring of ice (325 gold, have 111).
   888 | D:2      | 888 ||| SHOPLISTING ring of resist corrosion (260 gold,
                  | have 111).
   888 | D:2      | 888 ||| SHOPLISTING ring of see invisible (195 gold, have
                  | 111).
  1013 | D:2      | Identified the +0 leather armour of New Discoveries {Drain
                  | Will+ Int+2}
  1034 | D:2      | 1034 ||| Stepping ~*~*~tactically~*~*~ (stealth).
  1035 | D:2      | 1035 ||| Stepping ~*~*~tactically~*~*~ (stealth).
  1060 | D:2      | 1060 ||| FLEEEEING.
  1063 | D:2      | 1063 ||| Stepping ~*~*~tactically~*~*~ (stealth).
  1065 | D:2      | 1065 ||| Stepping ~*~*~tactically~*~*~ (stealth).
  1066 | D:2      | 1066 ||| Stepping ~*~*~tactically~*~*~ (stealth).
  1067 | D:2      | 1067 ||| Stepping ~*~*~tactically~*~*~ (stealth).
  1079 | D:2      | 1079 ||| Stepping ~*~*~tactically~*~*~ (hiding).
  1084 | D:2      | 1084 ||| Stepping ~*~*~tactically~*~*~ (hiding).
  1128 | D:2      | 1128 ||| Stepping ~*~*~tactically~*~*~ (stealth).
  1129 | D:2      | 1129 ||| Stepping ~*~*~tactically~*~*~ (stealth).
  1217 | D:2      | Reached XP level 4. HP: 22/28 MP: 4/4
  1266 | D:2      | Found Paexeeng's General Store.
  1274 | D:2      | 1274 ||| BUYING scroll of identify (26 gold).
  1274 | D:2      | Bought a scroll of identify for 26 gold pieces
  1285 | D:2      | Found a basalt altar of Yredelemnul.
  1343 | D:2      | Noticed Natasha
  1353 | D:2      | HP: 7/28 [cerulean imp/+1 spear[Natasha] (2)]
  1354 | D:2      | Reached skill level 4 in Axes
  1355 | D:2      | Killed Natasha
  1509 | D:2      | 1509 ||| DROPPING +0 leather armour of New Discoveries
                  | {Drain Will+ Int+2}.
  1510 | D:2      | 1510 ||| READING 2 scrolls labelled WUKY LEUTITAT.
  1511 | D:2      | 1511 ||| DRINKING 2 lumpy dark potions.
  1512 | D:2      | 1512 ||| DRINKING 2 glowing silvery potions.
  1513 | D:2      | 1513 ||| READING 2 scrolls of identify.
  1513 | D:2      | 1513 ||| IDENTIFYING yellow potion
  1514 | D:2      | 1514 ||| DROPPING scroll of fog.
  1515 | D:2      | 1515 ||| DROPPING potion of degeneration.
  1663 | D:3      | 1663 ||| DROPPING +0 club.
  1705 | D:3      | Reached XP level 5. HP: 29/32 MP: 5/5
  1713 | D:3      | Reached skill level 5 in Axes
  2045 | D:3      | 2045 ||| Stepping ~*~*~tactically~*~*~ (hiding).
  2054 | D:3      | 2054 ||| FLEEEEING.
  2055 | D:3      | 2055 ||| FLEEEEING.
  2056 | D:3      | 2056 ||| FLEEEEING.
  2059 | D:3      | 2059 ||| FLEEEEING.
  2060 | D:3      | 2060 ||| FLEEEEING.
  2061 | D:3      | 2061 ||| FLEEEEING.
  2062 | D:3      | 2062 ||| FLEEEEING.
  2064 | D:3      | 2064 ||| FLEEEEING.
  2065 | D:3      | 2065 ||| FLEEEEING.
  2066 | D:3      | 2066 ||| FLEEEEING.
  2067 | D:3      | 2067 ||| FLEEEEING.
  2081 | D:3      | 2081 ||| FLEEEEING.
  2084 | D:3      | 2084 ||| DRINKING potion of curing.
  2084 | D:3      | 2084 ||| (to cure confusion)
  2085 | D:3      | 2085 ||| FLEEEEING.
  2086 | D:3      | 2086 ||| FLEEEEING.
  2087 | D:3      | 2087 ||| FLEEEEING.
  2092 | D:3      | Reached XP level 6. HP: 26/38 MP: 6/6
  2152 | D:3      | 2152 ||| DROPPING +0 whip.
  2203 | D:3      | Found a basalt altar of Yredelemnul.
  2418 | D:3      | Found a faded altar of an unknown god.
  2711 | D:3      | 2711 ||| UPGRADING to +0 chain mail.
  2721 | D:3      | 2721 ||| DROPPING +0 scale mail.
  2722 | D:3      | 2722 ||| READING scroll labelled WUATZIYCSAI.
  2745 | D:4      | 2745 ||| PLANNING SEWER
  2864 | D:4      | Found a glowing drain.
  2865 | D:4      | 2865 ||| READING 2 scrolls labelled QOWIAL HEGE.
  2866 | D:4      | 2866 ||| READING scroll labelled QUTO XUFRAF.
  2919 | D:4      | 2919 ||| DROPPING +0 mace.
  2927 | D:4      | 2927 ||| READING scroll labelled KAURHA YWAPUCU.
  2928 | D:4      | 2928 ||| DROPPING scroll of fear.
  2962 | Sewer    | Entered a sewer
  3255 | Sewer    | HP: 9/38 [bullfrog (3)]
  3258 | Sewer    | Reached skill level 6 in Axes
  3258 | Sewer    | Reached XP level 7. HP: 10/43 MP: 7/7
  3386 | Sewer    | 3386 ||| SWAPPING to +2 antimagic war axe.
  3593 | D:4      | 3593 ||| PLANNING D:1-11
  3609 | D:4      | 3609 ||| DROPPING +0 flail.
  3650 | D:4      | Reached skill level 1 in Dodging
  3728 | D:4      | Noticed Blork the orc
  3737 | D:4      | Killed Blork the orc
  3789 | D:4      | 3789 ||| READING scroll of enchant weapon.
  3789 | D:4      | 3789 ||| ENCHANTING +2 antimagic war axe.
  3831 | D:4      | Reached skill level 7 in Axes
  3957 | D:4      | 3957 ||| UPGRADING to +0 helmet.
  3962 | D:4      | 3962 ||| DRINKING 2 inky potions.
  3984 | D:5      | Entered Level 5 of the Dungeon
  3984 | D:5      | Found a shimmering altar of Xom.
  4143 | D:5      | Reached XP level 8. HP: 49/49 MP: 2/8
  4149 | D:5      | 4149 ||| Stepping ~*~*~tactically~*~*~ (stealth).
  4170 | D:5      | 4170 ||| Stepping ~*~*~tactically~*~*~ (stealth).
  4173 | D:5      | 4173 ||| Stepping ~*~*~tactically~*~*~ (stealth).
  4184 | D:5      | 4184 ||| Stepping ~*~*~tactically~*~*~ (stealth).
  4185 | D:5      | 4185 ||| Stepping ~*~*~tactically~*~*~ (stealth).
  4260 | D:5      | Identified the +10 falchion of Baady {drain, *Rage rPois
                  | Int+3}
  4384 | D:5      | 4384 ||| STAIRDANCE
  4412 | D:4      | 4412 ||| UPGRADING to +0 cloak.
  4417 | D:4      | 4417 ||| READING scroll labelled TESTEQ GELEC.
  4418 | D:4      | 4418 ||| READING scroll labelled SYZOCUGEKI.
  4712 | D:5      | 4712 ||| UPGRADING to +0 plate armour.
  4722 | D:5      | 4722 ||| DROPPING +0 chain mail.
  4781 | D:6      | Found an opulent altar of Gozag.
  4874 | D:6      | Found Esalies's Distillery.
  4882 | D:6      | 4882 ||| BUYING potion of curing (33 gold).
  4882 | D:6      | Bought a potion of curing for 33 gold pieces
  4882 | D:6      | 4882 ||| BUYING potion of curing (33 gold).
  4882 | D:6      | Bought a potion of curing for 33 gold pieces
  4882 | D:6      | 4882 ||| BUYING potion of enlightenment (55 gold).
  4882 | D:6      | Bought a potion of enlightenment for 55 gold pieces
  4882 | D:6      | 4882 ||| BUYING potion of heal wounds (55 gold).
  4882 | D:6      | Bought a potion of heal wounds for 55 gold pieces
  4882 | D:6      | 4882 ||| BUYING potion of magic (88 gold).
  4882 | D:6      | Bought a potion of magic for 88 gold pieces
  4882 | D:6      | 4882 ||| SHOPLISTING potion of might (44 gold, have 29).
  4882 | D:6      | 4882 ||| SHOPLISTING potion of mutation (88 gold, have 29).
  4972 | D:6      | Found a staircase to the Ecumenical Temple.
  4973 | D:6      | 4973 ||| PLANNING TEMPLE
  4973 | D:6      | 4973 ||| DROPPING ring of wizardry.
  4979 | D:6      | 4979 ||| Stepping ~*~*~tactically~*~*~ (water).
  4983 | Temple   | Entered the Ecumenical Temple
  5023 | Temple   | 5023 ||| PLANNING D:1-11
  5103 | D:6      | 5103 ||| Stepping ~*~*~tactically~*~*~ (stealth).
  5214 | D:6      | Noticed Sigmund
  5255 | D:6      | Killed Sigmund
  5256 | D:6      | Reached skill level 8 in Axes
  5397 | D:6      | Reached XP level 9. HP: 54/54 MP: 3/9
  5554 | D:6      | 5554 ||| DRINKING 2 black potions.
  5554 | D:6      | Gained mutation: Your spells are a little easier to cast,
                  | but a little less powerful. [potion of mutation]
  5554 | D:6      | Gained mutation: Your natural rate of healing is unusually
                  | fast. [potion of mutation]
  5729 | D:7      | Found a flagged portal.
  5730 | D:7      | 5730 ||| Stepping ~*~*~tactically~*~*~ (hiding).
  5739 | D:7      | Reached skill level 6 in Fighting
  6096 | D:7      | 6096 ||| FLEEEEING.
  6098 | D:7      | 6098 ||| FLEEEEING.
  6099 | D:7      | 6099 ||| FLEEEEING.
  6100 | D:7      | 6100 ||| FLEEEEING.
  6101 | D:7      | 6101 ||| FLEEEEING.
  6102 | D:7      | 6102 ||| FLEEEEING.
  6103 | D:7      | 6103 ||| FLEEEEING.
  6104 | D:7      | 6104 ||| FLEEEEING.
  6107 | D:7      | 6107 ||| Stepping ~*~*~tactically~*~*~ (hiding).
  6443 | D:7      | 6443 ||| UPGRADING to amulet of the acrobat.
  6448 | D:7      | 6448 ||| READING scroll labelled KARASA JONOY.
  6449 | D:7      | 6449 ||| DROPPING +1 war axe.
  6503 | D:7      | 6503 ||| READING scroll labelled WIMEQ VIMNEXKI.
  6504 | D:7      | 6504 ||| READING 2 scrolls of identify.
  6504 | D:7      | 6504 ||| IDENTIFYING lumpy inky potion
  6505 | D:7      | 6505 ||| DROPPING potion of brilliance.
  6550 | D:8      | 6550 ||| Stepping ~*~*~tactically~*~*~ (hiding).
  6598 | D:8      | Found a snail-covered altar of Cheibriados.
  6631 | D:8      | Reached skill level 9 in Axes
  6641 | D:8      | Reached skill level 6 in Armour
  6707 | D:8      | 6707 ||| Stepping ~*~*~tactically~*~*~ (hiding).
  6885 | D:8      | 6885 ||| Stepping ~*~*~tactically~*~*~ (hiding).
  7002 | D:8      | Found a stormy altar of Qazlal.
  7006 | D:8      | 7006 ||| Stepping ~*~*~tactically~*~*~ (stealth).
  7019 | D:8      | Reached skill level 10 in Axes
  7021 | D:8      | Reached XP level 10. HP: 30/63 MP: 10/10
  7505 | D:8      | 7505 ||| DROPPING ring of flight.
  7506 | D:8      | 7506 ||| READING scroll labelled ESTIYT PUZU.
  7507 | D:8      | 7507 ||| READING 5 scrolls of identify.
  7507 | D:8      | 7507 ||| IDENTIFYING red potion
  7508 | D:8      | 7508 ||| DROPPING potion of ambrosia.
  7543 | D:9      | Found Beahugyp's Vocational Training.
  7550 | D:9      | 7550 ||| STAIRDANCE
  7619 | D:9      | Found a broken altar of Ashenzari.
  7677 | D:9      | Found an iron altar of Okawaru.
  7678 | D:9      | 7678 ||| PLANNING OKAWARU WORSHIP
  7685 | D:9      | 7685 ||| READING scroll labelled BUNOECOSHI.
  7692 | D:9      | Became a worshipper of Warmaster Okawaru
  7693 | D:9      | 7693 ||| PLANNING D:1-11
  7749 | D:9      | Found a staircase to the Orcish Mines.
  7770 | D:9      | Found a bloodstained altar of Trog.
  7858 | D:9      | 7858 ||| Stepping ~*~*~tactically~*~*~ (hiding).
  7873 | D:9      | Reached * piety under Okawaru
  7901 | D:9      | 7901 ||| Stepping ~*~*~tactically~*~*~ (hiding).
  7926 | D:9      | 7926 ||| Stepping ~*~*~tactically~*~*~ (hiding).
  7928 | D:9      | 7928 ||| Stepping ~*~*~tactically~*~*~ (hiding).
  7932 | D:9      | Reached skill level 1 in Invocations
  7958 | D:9      | Found a sparkling altar of Nemelex Xobeh.
  8064 | D:9      | Found a staircase to the Lair.
  8073 | D:9      | 8073 ||| FLEEEEING.
  8074 | D:9      | 8074 ||| FLEEEEING.
  8075 | D:9      | 8075 ||| INVOKING Heroism.
  8260 | D:9      | 8260 ||| INVOKING Heroism.
  8265 | D:9      | 8265 ||| Stepping ~*~*~tactically~*~*~ (cloud).
  8453 | D:9      | 8453 ||| PLANNING LAIR
  8453 | D:9      | 8453 ||| UPGRADING to +0 pair of gloves.
  8458 | D:9      | 8458 ||| READING scroll labelled ZUNYRU ZOECI.
  8474 | Lair:1   | Entered Level 1 of the Lair of Beasts
  8474 | Lair:1   | Noticed a black mamba
  8475 | Lair:1   | 8475 ||| INVOKING Heroism.
  8486 | Lair:1   | Killed a black mamba
  8487 | Lair:1   | Reached skill level 3 in Invocations
  8552 | Lair:1   | Noticed a cane toad
  8553 | Lair:1   | 8553 ||| INVOKING Heroism.
  8559 | Lair:1   | Killed a cane toad
  8609 | Lair:1   | 8609 ||| INVOKING Heroism.
  8619 | Lair:1   | Reached ** piety under Okawaru
  8623 | Lair:1   | Reached skill level 11 in Axes
  8623 | Lair:1   | Reached XP level 11. HP: 63/68 MP: 14/14
  8646 | Lair:1   | 8646 ||| INVOKING Heroism.
  8672 | Lair:1   | Reached skill level 9 in Fighting
  8705 | Lair:1   | 8705 ||| Stepping ~*~*~tactically~*~*~ (stealth).
  8708 | Lair:1   | 8708 ||| INVOKING Heroism.
  8789 | Lair:1   | 8789 ||| Stepping ~*~*~tactically~*~*~ (stealth).
  8805 | Lair:1   | Reached skill level 9 in Armour
  9131 | Lair:1   | 9131 ||| INVOKING Heroism.
  9274 | Lair:2   | 9274 ||| Stepping ~*~*~tactically~*~*~ (stealth).
  9275 | Lair:2   | 9275 ||| INVOKING Heroism.
  9288 | Lair:2   | Reached *** piety under Okawaru
  9309 | Lair:2   | 9309 ||| INVOKING Heroism.
  9324 | Lair:2   | Reached skill level 12 in Axes
  9331 | Lair:2   | 9331 ||| INVOKING Heroism.
  9379 | Lair:2   | 9379 ||| INVOKING Heroism.
  9432 | Lair:2   | 9432 ||| Stepping ~*~*~tactically~*~*~ (stealth).
  9439 | Lair:2   | 9439 ||| INVOKING Heroism.
  9441 | Lair:2   | Reached skill level 6 in Shields
  9489 | Lair:2   | 9489 ||| INVOKING Heroism.
  9540 | Lair:2   | Noticed a seven-headed hydra
  9541 | Lair:2   | 9541 ||| INVOKING Heroism.
  9545 | Lair:2   | 9545 ||| SWAPPING to +1 morningstar of freezing.
  9548 | Lair:2   | Killed a seven-headed hydra
  9549 | Lair:2   | 9549 ||| SWAPPING to +3 heavy war axe.
  9689 | Lair:2   | Noticed a catoblepas
  9690 | Lair:2   | 9690 ||| INVOKING Heroism.
  9692 | Lair:2   | Noticed a skyshark
  9700 | Lair:2   | Killed a catoblepas
  9700 | Lair:2   | Killed a skyshark
  9700 | Lair:2   | Reached **** piety under Okawaru
  9701 | Lair:2   | Reached XP level 12. HP: 58/77 MP: 13/15
  9800 | Lair:2   | Noticed a boulder beetle
  9801 | Lair:2   | 9801 ||| INVOKING Heroism.
  9802 | Lair:2   | Received a gift from Okawaru
  9810 | Lair:2   | HP: 13/77 [naga/+0 glaive (11)]
  9811 | Lair:2   | 9811 ||| READING 3 scrolls of teleportation.
  9812 | Lair:2   | 9812 ||| DRINKING 2 potions of heal wounds.
  9812 | Lair:2   | Slain by a naga

Levels and vault maps discovered:
D:1:      wander_arrival_estate, layout_loops_ring
D:2:      layout_rooms, basic_altar, serial_shops, nicolae_diamond_shop, shop,
          shop_coins, minmay_gold_behind_fungi, fountainhead, hex_large,
          uniq_natasha
D:3:      cheibrodos_fertilizer, layout_basic,
          mainiacjoe_overflow_concentric_impassable,
          shapermc_ecumenical_altar_acropolis
D:4:      layout_rooms, portal_sewer_entry_f, uniq_blork_the_orc
D:5:      layout_basic, xom_butterflies, serial_rivers,
          chequers_serial_rivers_micro_b, chequers_serial_rivers_room_b,
          chequers_serial_rivers_room_b, chequers_serial_rivers_large_b,
          chequers_serial_rivers_room_a, chequers_serial_rivers_large_a
D:6:      layout_loops_ring, mainiacjoe_overflow_24_doors,
          minmay_temple_entry_mist, serial_shops, shop, uniq_sigmund
D:7:      layout_basic, enter_bailey_5, hex_intersection
D:8:      layout_basic, old_standard_altar, grunt_qazlal_clouds
D:9:      layout_loops_ring, nicolae_overflow_crystal_walls,
          nemelex_diamond_rough_becter, trog_hazing_becter,
          okawaru_altar_gauntlet_db, david_lair_shrubbed, david_orc_3,
          chequers_serial_rivers_micro_e, nicolae_shop_vocational
Temple:   nicolae_temple_god_jail
Lair:1:   layout_small_grid
Lair:2:   layout_regular_city, guppyfry_snake_entry_garden

Skill      XL: |  1  2  3  4  5  6  7  8  9 10 11 12 |
---------------+-------------------------------------+-----
Axes           | 2 3 4 5 6 7 8 10 11 12 | 12.0
Fighting       | 4 5 7 8 10 | 10.0
Dodging        | 1 2 |  2.2
Throwing       | 2 |  2.1
Armour         | 5 6 8 9 10 | 10.0
Shields        | 4 5 6 |  6.0
Invocations    | 4 |  4.5

Action                     |  1- 3 |  4- 6 |  7- 9 | 10-12 || total
---------------------------+-------+-------+-------+-------++-------
  Melee: War axe           |   109 |   218 |   184 |   247 ||   758
         Morningstar       |       |       |       |     3 ||     3
  Throw: Boomerang         |       |    70 |    78 |    88 ||   236
 Invoke: Heroism           |       |       |       |    17 ||    17
    Use: Scroll            |     3 |     6 |     6 |     5 ||    20
         Potion            |       |     3 |     2 |     1 ||     6
 Armour: Scale mail        |    55 |    69 |       |       ||   124
         Chain mail        |       |    81 |    35 |       ||   116
         Plate armour      |       |       |    88 |   252 ||   340
  Dodge: Dodged            |    44 |   118 |    52 |   142 ||   356
  Block: Buckler           |    15 |    39 |    26 |    85 ||   165

Table legend:
 A = Non-vault XP
 B = Vault XP
 C = Vault XP percentage of total XP
 D = Non-vault monster count
 E = Vault monster count
 F = Vault count percentage of total count
                 A         B        C        D         E       F
            +---------+---------+-------+---------+---------+-------
      Total |   17763 |    1820 |   9.3 |     202 |      70 |  25.7
            +---------+---------+-------+---------+---------+-------
        D:1 |      34 |       0 |   0.0 |      23 |       0 |   0.0
        D:2 |      69 |      36 |  34.3 |      24 |       1 |   4.0
        D:3 |     108 |     108 |  50.0 |      20 |      15 |  42.9
        D:4 |     437 |     104 |  19.2 |      14 |       6 |  30.0
        D:5 |     425 |       0 |   0.0 |      11 |       0 |   0.0
        D:6 |     672 |     243 |  26.6 |      11 |       1 |   8.3
        D:7 |     375 |       7 |   1.8 |       6 |       4 |  40.0
        D:8 |    2359 |       0 |   0.0 |      27 |       0 |   0.0
        D:9 |    1198 |     755 |  38.7 |      16 |      20 |  55.6
     Lair:1 |    5543 |       0 |   0.0 |      28 |       0 |   0.0
     Lair:2 |    6543 |     332 |   4.8 |      22 |       2 |   8.3
      Sewer |       0 |     235 | 100.0 |       0 |      21 | 100.0
            +---------+---------+-------+---------+---------+-------
